 Dungeon Crawl Stone Soup version 0.20-a0-1026-gc3ddcbd (webtiles) character file.

2247 Gorglomux the Grappler (level 9, 0/74 HPs)
             Began as a Troll Enchanter on Apr 20, 2017.
             Was a Believer of Wu Jian.
             Slain by a killer bee (2 damage)
             ... on level 7 of the Dungeon.
             The game lasted 00:13:09 (5479 turns).

Gorglomux the Grappler (Troll Enchanter)            Turns: 5479, Time: 00:13:10

Health: 0/74       AC:  7    Str: 16    XL:     9   Next: 15%
Magic:  9/9        EV: 10    Int: 11    God:    Wu Jian [**....]
Gold:   256        SH:  0    Dex: 13    Spells: 9/10 levels left

rFire    . . .     SeeInvis .     - Unarmed
rCold    . . .     Gourm    +   (no shield)
rNeg     + . .     Faith    +   C - +2 robe {rN+}
rPois    .         Spirit   .   (helmet restricted)
rElec    .         Reflect  .   (no cloak)
rCorr    .         Harm     .   (gloves unavailable)
MR       .....                  (boots unavailable)
Stlth    +++.......             l - amulet of faith {Faith, !P}
Regen    0.7/turn               u - ring of stealth {Stlth+}
MPRegen  0.2/turn               (no ring)

@: lethally poisoned (0 -> -4)
A: unfitting armour, claws 3, fast metabolism 3, gourmand, regeneration 1,
shaggy fur 1, tough skin 2, weak 1
a: Renounce Religion


You were on level 7 of the Dungeon.
You worshipped Wu Jian.
Wu Jian was pleased with you.
You were completely stuffed.

You visited 1 branch of the dungeon, and saw 7 of its levels.
You also visited: Ossuary.

You collected 440 gold pieces.
You spent 184 gold pieces at shops.

Inventory:

Armour
 b - a +0 robe
 C - a +2 robe of positive energy (worn)
   (You found it on level 5 of the Dungeon)
Jewellery
 l - an amulet of faith (around neck) {Faith, !P}
   (You found it on level 5 of the Dungeon)
 u - a ring of stealth (left claw) {Stlth+}
   (You found it on level 2 of the Dungeon)
 y - a +2 amulet of reflection
   (You found it on level 3 of the Dungeon)
 F - an uncursed ring of magical power {MP+9}
   (You found it on level 5 of the Dungeon)
Scrolls
 e - 4 scrolls of teleportation
 g - 2 scrolls of recharging {unknown}
 h - a scroll of remove curse
 j - a scroll of enchant weapon {unknown}
 k - a scroll of torment {unknown}
 m - a scroll of noise {unknown}
 o - a scroll of identify
 q - a scroll of fear {unknown}
 s - 3 scrolls of magic mapping {!r}
 A - 2 scrolls of enchant armour {unknown}
 B - 2 scrolls of random uselessness {unknown}
 G - 3 scrolls of amnesia {unknown}
 I - 2 scrolls of fog
 J - 2 scrolls of blinking {unknown}
Potions
 a - 7 potions of curing
 i - a potion of invisibility
 n - 2 potions of degeneration {unknown}
 p - a potion of flight
 r - a potion of ambrosia {unknown}
 t - a potion of berserk rage {unknown}
 v - 5 potions of haste {unknown}
 x - 2 potions of agility
 z - a potion of might {unknown}
 E - a potion of lignification {unknown}
 K - 2 potions of mutation {!q}
Books
 c - a book of Maledictions
 D - a book of Conjurations
   (You found it on level 5 of the Dungeon)
Comestibles
 d - 4 bread rations {@e1@e1}
 f - 5 meat rations {@e2@e2}
 w - 3 royal jellies
 H - 6 fruits
 L - 2 chunks of flesh {@w0@w0}


   Skills:
   Level 0.7 Short Blades
 - Level 1.5 Dodging
 - Level 1.5 Stealth
 + Level 11.9 Unarmed Combat
 - Level 1.2 Spellcasting
 - Level 2.0 Hexes


You had 9 spell levels left.
You knew the following spells:

 Your Spells              Type           Power        Failure   Level  Hunger
v - Corona                Hex            #......      14%         1    ##.....


Dungeon Overview and Level Annotations

Branches:
Dungeon (7/15)
 Temple: D:4-7

Altars:
Gozag
Kikubaaqudgha
Makhleb
Qazlal
Ru
Sif Muna
Uskayaw
Wu Jian
Xom
Yredelemnul

Shops:
D:4 %   D:5 !   D:6 *


Innate Abilities, Weirdness & Mutations

You are too large for most types of armour.
You have claws for hands.
Your metabolism is lightning-fast.
You like to eat raw meat.
Your natural rate of healing is unusually fast.
You are covered in fur. (AC +1)
You have very tough skin. (AC +2)
You are weak. (Str -2)


Message History

You take 3 damage, and have 34/74 hp.
Unknown command.
You spin and attack the killer bee.
You barely miss the killer bee.
You feel sick. The killer bee barely misses you.
Unknown command.
You feel sick. The killer bee stings you.
You take 5 damage, and have 29/74 hp.
Unknown command.
You feel sick.
You closely miss the killer bee. Your claw misses the killer bee.
You feel sick. The killer bee barely misses you.
You take 1 damage, and have 28/74 hp.
You scratch the killer bee.
You feel sick. The killer bee barely misses you.
You take 1 damage, and have 28/74 hp.
You claw the killer bee!
You kill the killer bee!
The Council accepts your kill.
You feel sick. The killer bee stings you!
* * * LOW HITPOINT WARNING * * *
You are more poisoned.
The killer bee poisons you!
You take 8 damage, and have 20/74 hp.
You feel sick. The killer bee stings you.
* * * LOW HITPOINT WARNING * * *
There is a stone staircase leading up here.
You take 4 damage, and have 16/74 hp.
You spin and attack the killer bee.
You claw the killer bee!
You feel sick. The killer bee barely misses you.
The killer bee closely misses you.
You take 1 damage, and have 15/74 hp.
Unknown command.
You spin and attack the killer bee.
You barely miss the killer bee.
You feel sick.
The killer bee stings you but does no damage.
There is a stone staircase leading up here.
Unknown command.
You spin and attack the killer bee.
You closely miss the killer bee. You claw the killer bee.
You kill the killer bee!
The Council accepts your kill.
You feel sick. The killer bee closely misses you. x2
You take 1 damage, and have 14/74 hp.
Unknown command.
You spin and attack the killer bee.
You scratch the killer bee.
You feel sick. The killer bee barely misses you. The killer bee stings you.
* * * LOW HITPOINT WARNING * * *
You are more poisoned.
The killer bee poisons you! The killer bee barely misses you.
You take 1 damage, and have 13/74 hp.
You spin and attack the killer bee.
You claw the killer bee!
You kill the killer bee!
The Council accepts your kill.
You feel sick. The killer bee barely misses you.
The killer bee closely misses you. The killer bee stings you.
* * * LOW HITPOINT WARNING * * *
You take 1 damage, and have 12/74 hp.
Unknown command.
You spin and attack the killer bee repeatedly.
You closely miss the killer bee. You miss the killer bee.
You feel sick.
The killer bee stings you but does no damage. x2
The killer bee stings you.
* * * LOW HITPOINT WARNING * * *
You take 2 damage, and have 10/74 hp.
Unknown command.
You feel sick. The killer bee closely misses you.
You take 1 damage, and have 9/74 hp.
You feel better. The killer bee stings you.
* * * LOW HITPOINT WARNING * * *
The killer bee closely misses you.
You regained 8 hp, and now have 17/74 hp.
You spin and attack the killer bee.
You mangle the killer bee!!
You kill the killer bee!
The Council accepts your kill.
Unknown command.
You attack the killer bee from above.
You barely miss the killer bee.
The killer bee is distracted by your jump.
The killer bee stings you but does no damage.
The killer bee closely misses you.
There is a stone staircase leading up here.
You see here a killer bee corpse.
Unknown command.
You spin and attack the killer bee repeatedly.
You scratch the killer bee but do no damage.
You claw the killer bee! The killer bee stings you!
* * * LOW HITPOINT WARNING * * *
You are poisoned.
The killer bee poisons you!
You take 8 damage, and have 10/74 hp.
You spin and attack the killer bee repeatedly.
You barely miss the killer bee. You scratch the killer bee.
You kill the killer bee!
The Council accepts your kill.
You feel sick.
Unknown command.
You spin and attack the killer bee.
You scratch the killer bee but do no damage.
You feel sick. The killer bee stings you!
* * * LOW HITPOINT WARNING * * *
You are lethally poisoned!
The killer bee poisons you! The killer bee stings you.
You die...

#.# #.# #.# #.#
#.####.#..
##y........
###########yy........
#........##.#####.##.
#.######@##.# # #.#
#..y...#
#.####.#.####
#......#.# #..#####>#
#..# #.# #..# #.#
#..#####.# #........#


You could see a killer bee.

Vanquished Creatures
  The ghost of zhorgal the Cudgeler, a novice FoFi (D:7)
  Prince Ribbit (D:6)
  A hornet (D:7)
  A black bear (D:5)
  An orc warrior (D:7)
  3 centaurs
  2 elf zombies (Ossuary)
  A big kobold (D:6)
  A bullfrog (D:6)
  5 killer bees (D:7)
  A vampire bat (D:6)
  3 crimson imps
  2 hounds (D:6)
  2 orc priests (D:7)
  A human zombie (Ossuary)
  2 jellies
  3 worker ants
  An orc wizard (D:4)
  A killer bee zombie (D:5)
  2 big kobold zombies (Ossuary)
  A hound zombie (Ossuary)
  4 mummies (Ossuary)
  A worker ant zombie (D:6)
  5 adders
  3 river rats (D:5)
  An ooze (D:3)
  3 adder skeletons
  2 adder zombies
  4 worms
  A dart slug (D:3)
  2 leopard geckos
  16 orcs
  3 bat skeletons (D:6)
  3 bat zombies (D:6)
  3 giant cockroaches
  5 goblins
  11 hobgoblins
  5 jackals (D:2)
  3 quokkas
  9 bats
  3 frilled lizards
  2 goblin zombies (Ossuary)
  2 jackal zombies (Ossuary)
  14 kobolds
  A kobold zombie (Ossuary)
  A leopard gecko zombie (D:6)
  7 rats
  A plant (D:5)
151 creatures vanquished.

Vanquished Creatures (others)
  A sky beast (D:7)
  6 plants (D:5)
7 creatures vanquished.

Grand Total: 158 creatures vanquished

Notes
Turn   | Place    | Note
-------+----------+-------------------------------------------
     0 | D:1      | Gorglomux the Troll Enchanter began the quest for the Orb.
     0 | D:1      | Reached XP level 1. HP: 16/16 MP: 1/1
    71 | D:1      | Reached skill level 1 in Unarmed Combat
   202 | D:1      | Reached XP level 2. HP: 17/24 MP: 2/2
   216 | D:1      | Reached skill level 2 in Unarmed Combat
   534 | D:1      | You fall through a shaft!
   535 | D:2      | Found a basalt altar of Yredelemnul.
   621 | D:2      | Reached XP level 3. HP: 31/31 MP: 3/3
   622 | D:2      | Found a hide-covered altar of Uskayaw.
   721 | D:2      | Became a worshipper of Uskayaw the Reveler
   763 | D:2      | Found a stormy altar of Qazlal.
   784 | D:2      | Reached * piety under Uskayaw
   789 | D:2      | Reached skill level 3 in Unarmed Combat
   789 | D:2      | Reached ** piety under Uskayaw
   844 | D:2      | Found a sacrificial altar of Ru.
  1262 | D:3      | Reached XP level 4. HP: 38/39 MP: 4/4
  1287 | D:3      | Found a faded altar of an unknown god.
  1422 | D:3      | Reached skill level 4 in Unarmed Combat
  1931 | D:3      | Found a deep blue altar of Sif Muna.
  2146 | D:4      | You fall through a shaft!
  2146 | D:5      | Entered Level 5 of the Dungeon
  2197 | D:5      | Noticed a black bear
  2210 | D:5      | Killed a black bear
  2210 | D:5      | Reached skill level 5 in Unarmed Combat
  2210 | D:5      | Reached XP level 5. HP: 33/45 MP: 0/5
  2265 | D:5      | Found an opulent altar of Gozag.
  2389 | D:5      | Reached XP level 6. HP: 43/53 MP: 6/6
  2408 | D:5      | Found an ornate altar of the Wu Jian Council.
  2447 | D:5      | Found a shimmering altar of Xom.
  2449 | D:5      | Found Lain's Distillery.
  2461 | D:5      | Fell from the grace of Uskayaw
  2461 | D:5      | Became a worshipper of Xom the Unpredictable
  2531 | D:5      | Reached skill level 6 in Unarmed Combat
  2535 | D:5      | XOM: potion effect (invisibility)
  2536 | D:5      | Fell from the grace of Xom
  2572 | D:5      | Bought a potion of curing for 42 gold pieces
  2572 | D:5      | Bought 2 potions of agility for 112 gold pieces
  2615 | D:5      | Became a worshipper of the Wu Jian Council
  2692 | D:6      | Reached skill level 7 in Unarmed Combat
  2791 | D:6      | Reached XP level 7. HP: 51/59 MP: 7/7
  2815 | D:6      | Found a sand-covered staircase.
  2824 | Ossuary  | Entered an ossuary
  2889 | Ossuary  | XOM: chaos cloud
  2895 | Ossuary  | Reached skill level 8 in Unarmed Combat
  2951 | Ossuary  | HP: 14/59 [big kobold zombie (4)]
  3085 | Ossuary  | Reached * piety under Wu Jian
  3156 | D:6      | XOM: give mutation
  3156 | D:6      | Gained mutation: You are weak. (Str -2) [Xom's mischief]
  3176 | D:6      | XOM: summons 2 hostile shadow creatures
  3261 | D:6      | Found Kaikutof's Assorted Antiques.
  3265 | D:6      | Reached skill level 9 in Unarmed Combat
  3273 | D:6      | Bought a scroll labeled KIL OFRITWA for 30 gold pieces
  3279 | D:6      | Noticed Prince Ribbit
  3299 | D:6      | HP: 7/59 [Prince Ribbit (8)]
  3310 | D:6      | Killed Prince Ribbit
  3310 | D:6      | Reached XP level 8. HP: 15/67 MP: 8/8
  3552 | D:6      | Found an ancient bone altar of Kikubaaqudgha.
  3689 | D:6      | Reached skill level 10 in Unarmed Combat
  4212 | D:5      | Paralysed by the fury of Uskayaw for 7 turns
  4313 | D:5      | XOM: medium Necr miscast
  4429 | D:5      | Found a shimmering altar of Xom.
  4430 | D:5      | Found a burning altar of Makhleb.
  4490 | D:4      | XOM: mild Hex miscast
  4722 | D:4      | Found Lawogh's Food Shop.
  4923 | D:4      | Reached ** piety under Wu Jian
  5301 | D:7      | Noticed zhorgal's ghost (novice FoFi)
  5313 | D:7      | Killed zhorgal's ghost
  5313 | D:7      | Reached skill level 11 in Unarmed Combat
  5339 | D:7      | XOM: mild Ice miscast
  5446 | D:7      | Noticed a hornet
  5455 | D:7      | Killed a hornet
  5455 | D:7      | Reached XP level 9. HP: 71/74 MP: 9/9
  5466 | D:7      | HP: 16/74 [killer bee (4)]
  5471 | D:7      | HP: 13/74 [poisoned by a killer bee]
  5477 | D:7      | HP: 10/74 [killer bee (8)]
  5479 | D:7      | HP: 2/74 [killer bee (8)]
  5479 | D:7      | Slain by a killer bee

Vault maps used:
D:1:      minmay_arrival_hallway
D:2:      grunt_qazlal_clouds, nicolae_overflow_crystal_walls,
          lemuel_doored_altar, nicolae_ru_sacrificial_ziggurat
D:3:      lemuel_blue_sif_altar, chequers_ecumenical_altar_simple, first_bread
D:4:      serial_shops, shop
D:5:      wad_woods_stonehenge, grunt_temple_overflow_champion_of_chaos,
          kennysheep_mini_moat, serial_shops, nicolae_shop_statue_plus,
          brannock_xom_greatest_gift
D:6:      kennysheep_vampire_church, serial_shops, shop,
          nicolae_ossuary_entry_ruins, uniq_prince_ribbit1
D:7:      lemuel_temple_firewalk_a
Ossuary:  ossuary_minmay_tomb_2a

Skill      XL: |  1  2  3  4  5  6  7  8 |
---------------+-------------------------+-----
Unarmed Combat | 1 2 3 5 7 9 11 | 11.9
Short Blades   | |  0.7
Dodging        | |  1.5
Stealth        | |  1.5
Spellcasting   | |  1.2
Hexes          | |  2.0

Action                   |  1- 3 |  4- 6 |  7- 9 || total
-------------------------+-------+-------+-------++-------
Melee: Unarmed           |   125 |   117 |   255 ||   497
       Dagger            |    14 |       |       ||    14
       Punch             |     2 |     7 |     7 ||    16
Invok: Line Pass         |       |     1 |       ||     1
       Renounce Religion |       |     1 |       ||     1
  Use: Scroll            |       |       |     8 ||     8
       Potion            |       |       |     3 ||     3
 Stab: Sleeping          |     3 |     6 |     3 ||    12
       Distracted        |       |     1 |     1 ||     2
       Invisible         |       |       |     3 ||     3
  Eat: Chunk             |    13 |    18 |    21 ||    52
       Bread ration      |       |       |     1 ||     1
Armor: Robe              |    79 |    29 |    75 ||   183
Dodge: Dodged            |    83 |    45 |   137 ||   265
Block: Other             |       |     1 |    12 ||    13
       Reflection        |       |       |     1 ||     1

Vault maps used:
D:1:      minmay_arrival_hallway
D:2:      grunt_qazlal_clouds, nicolae_overflow_crystal_walls,
          lemuel_doored_altar, nicolae_ru_sacrificial_ziggurat
D:3:      lemuel_blue_sif_altar, chequers_ecumenical_altar_simple, first_bread
D:4:      serial_shops, shop
D:5:      wad_woods_stonehenge, grunt_temple_overflow_champion_of_chaos,
          kennysheep_mini_moat, serial_shops, nicolae_shop_statue_plus,
          brannock_xom_greatest_gift
D:6:      kennysheep_vampire_church, serial_shops, shop,
          nicolae_ossuary_entry_ruins, uniq_prince_ribbit1
D:7:      lemuel_temple_firewalk_a
Ossuary:  ossuary_minmay_tomb_2a

Table legend:
 A = Turns spent in this place as a percentage of turns spent in the entire game.
 B = Non-inter-level travel turns spent in this place as a percentage of non-inter-level travel turns spent in the entire game.
 C = Inter-level travel turns spent in this place as a percentage of turns spent in this place.
 D = Turns resting spent in this place as a percentage of non-inter-level travel turns spent in this place.
 E = Turns spent auto-exploring this place as a percentage of non-inter-level travel turns spent in this place.
 F = Non-inter-level travel turns spent in this place divided by the number of levels of this place that you've seen.
                   A       B       C       D       E      F
               +-------+-------+-------+-------+-------+----------------------
         Total | 100.0 | 100.0 |   0.5 |   1.3 |  10.4 | 259.0
       Dungeon |  90.0 |  89.9 |   0.6 |   1.3 |  10.6 | 266.1
       Ossuary |  10.0 |  10.1 |   0.0 |   1.0 |   8.1 | 209.0
               +-------+-------+-------+-------+-------+----------------------

Table legend:
 A = Kills in this place as a percentage of kills in entire the game.
 B = Kills by you in this place as a percentage of kills by you in the entire game.
 C = Kills by friends in this place as a percentage of kills by friends in the entire game.
 D = Other kills in this place as a percentage of other kills in the entire game.
 E = Experience gained in this place as a percentage of experience gained in the entire game.
 F = Experience gained in this place divided by the number of levels of this place that you have seen.
                   A       B       C       D       E      F
               +-------+-------+-------+-------+-------+----------------------
         Total | 100.0 | 100.0 |  -nan |  -nan | 100.0 | 401.4
       Dungeon |  89.3 |  89.3 |  -nan |  -nan |  87.8 | 402.7
       Ossuary |  10.7 |  10.7 |  -nan |  -nan |  12.2 | 392.0
               +-------+-------+-------+-------+-------+----------------------
